 Dungeon Crawl Stone Soup version 0.20.0-10-g0535bb4 (webtiles) character file.

88573 grindst0ne the Warrior (level 15, -12/96 HPs)
             Began as a Gargoyle Fighter on June 5, 2017.
             Was the Champion of Okawaru.
             Mangled by an ettin
             ... wielding a +1 dire flail of holy wrath
              (40 damage)
             ... on level 15 of the Dungeon.
             The game lasted 01:10:59 (29597 turns).

grindst0ne the Warrior (Gargoyle Fighter)          Turns: 29597, Time: 01:11:00

Health: -12/96     AC: 32    Str: 21    XL:     15   Next: 94%
Magic:  27/27      EV:  8    Int:  9    God:    Okawaru [******]
Gold:   1721       SH:  5    Dex: 22    Spells: 14/14 levels left

rFire    + + .     SeeInvis .   x - +9 great mace (freeze)
rCold    . . .     Gourm    .   (shield currently unavailable)
rNeg     + . .     Faith    .   a - +3 chain mail {rF+}
rPois    ∞         Spirit   .   q - +0 hat of Happiness {*Contam +Blink +Fly rPois}
rElec    +         Reflect  +   (no cloak)
rCorr    .         Harm     .   C - +2 pair of gloves "Woniq" {Dex+6}
MR       +....                  E - +0 pair of boots of the Mantidfly {rElec}
Stlth    ..........             V - +5 amulet of reflection
Regen    0.0/turn               o - ring of Patience {rElec rF+ MP+9}
MPRegen  0.2/turn               A - +6 ring of slaying

@: flying
A: antennae 1, big wings, talons 1, agile 1, blurry vision 1, frail 1, low mp 1,
negative energy resistance 1, electricity resistance, inhibited regeneration,
unbreathing, petrification resistance, rot immunity, MP-powered wands, AC +11
a: Stop Flying, Heroism, Finesse, Renounce Religion, Evoke Blink


You were on level 15 of the Dungeon.
You worshipped Okawaru.
Okawaru was exalted by your worship.
You were not hungry.

You visited 2 branches of the dungeon, and saw 21 of its levels.

You collected 2134 gold pieces.
You spent 413 gold pieces at shops.

Inventory:

Hand Weapons
 x - a +9 great mace of freezing (weapon)
 L - a +4 scimitar of flaming
Armour
 a - a +3 chain mail of fire resistance (worn)
 q - the +0 hat of Happiness (worn) {*Contam +Blink +Fly rPois}
   (Okawaru gifted it to you on level 5 of the Lair of Beasts)

   It protects you from poison.
   It lets you fly.
   It lets you blink.
   It causes magical contamination when unequipped.
 C - the +2 pair of gloves "Woniq" (worn) {Dex+6}
   (Okawaru gifted it to you on level 6 of the Lair of Beasts)

   It affects your dexterity (+6).
 E - the +0 pair of boots of the Mantidfly (worn) {rElec}
   (You found it on level 9 of the Dungeon)

   It insulates you from electricity.
 O - +0 fire dragon scales
Jewellery
 k - an uncursed ring of see invisible
 o - the ring of Patience (left hand) {rElec rF+ MP+9}
   (You found it on level 12 of the Dungeon)

   [ring of magical power]

   It protects you from fire.
   It insulates you from electricity.
   It affects your magic capacity (+9).
 A - a +6 ring of slaying (right hand)
 V - a +5 amulet of reflection (around neck)
 W - an uncursed ring of protection from cold
Wands
 c - a wand of flame (34/48)
 d - a wand of iceblast (0/15)
 l - a wand of iceblast (0/15)
 p - a wand of disintegration (14/24)
 r - a wand of paralysis (10/24)
 I - a wand of digging (9/24)
 K - a wand of scattershot (0/9)
 Z - a wand of acid (3/15)
Scrolls
 b - a scroll of torment {unknown}
 e - 7 scrolls of remove curse
 n - 5 scrolls of enchant weapon
 u - 7 scrolls of teleportation
 w - 4 scrolls of fog
 y - 5 scrolls of fear
 H - a scroll of brand weapon
 P - a scroll of summoning
 Q - 2 scrolls of blinking
 T - 2 scrolls of enchant armour
 U - 3 scrolls of recharging
 X - 4 scrolls of identify
 Y - 2 scrolls of magic mapping
Potions
 g - a potion of might
 h - a potion of heal wounds
 m - 4 potions of lignification
 D - 3 potions of curing
 G - a potion of berserk rage
Miscellaneous
 z - a sack of spiders
Comestibles
 f - 8 bread rations
 i - 11 meat rations
 j - 6 chunks of flesh
 t - 42 fruits
 N - 3 royal jellies


   Skills:
 - Level 17.0 Fighting
 + Level 15.8 Maces & Flails
 - Level 14.1 Armour
   Level 4.0 Shields
 - Level 6.0 Invocations
 - Level 7.0 Evocations


You had 14 spell levels left.
You didn't know any spells.

Dungeon Overview and Level Annotations

Branches:
Dungeon (14/15)            Temple (0/1) D:5            Lair (6/6) D:8
  Swamp (0/4) Lair:3        Snake (0/4) Lair:3        Slime (0/5) Lair:6
    Orc (0/2) D:9          Vaults (0/5) D:13

Altars:
Cheibriados
Dithmenos
Elyvilon
Fedhas
Gozag
Kikubaaqudgha
Nemelex Xobeh
Okawaru
Qazlal
Uskayaw
Xom
The Shining One
Beogh

Shops:
D:6 *   D:7 !


Innate Abilities, Weirdness & Mutations

You are resistant to torment.
Your stone body is resilient. (AC +11)
You are immune to poison.
Your large and strong wings let you fly indefinitely.
You resist negative energy. (rN+)
You are resistant to electric shocks. (rElec)
You can survive without breathing.
You are immune to petrification.
You are immune to rotting.
You have a pair of small antennae on your head.
You have sharp toenails.
You are agile. (Dex +2)
Scrolls take you a little longer to read.
You are frail. (-10% HP)
Your magical capacity is low. (-10% MP)
You do not regenerate when monsters are visible.
You expend magic power (3 MP) to strengthen your wands.


Message History

The ettin hits you but does no damage. You block the ettin's attack.
A centaur warrior comes into view.
You bludgeon the ettin!! You freeze the ettin.
The ettin is heavily wounded.
The ettin hits you with a dire flail of holy wrath!!
* * * LOW HITPOINT WARNING * * *
The ettin hits you but does no damage.
An ogre mage comes into view. It is wielding a club.
You feel much better.
Okay, then.
You feel much better. You block the ettin's attack.
The ettin hits you with a dire flail!!
The ogre mage hits you but does no damage.
Some of the chunks of flesh in your inventory have rotted away.
You sock the ettin! You freeze the ettin.
The ettin is almost dead.
The ettin hits you with a dire flail of holy wrath!!
* * * LOW HITPOINT WARNING * * *
The ettin hits you with a dire flail!!!
You die...

.##......... .... #.##).....
.##.#..####. #..## #.##......
.##.#...... #...#####.##......
[##.#....... #.#..........#####
..(...#####..###.#..####.##'#####
##...............#..# #...≈≈≈≈≈≈
###...........#.....## #...≈#####
................)..(.# #...≈#{
###.#####.....#C@O.#(# #...≈#
##........# #c###.#.###...≈#
....###<#.# .. ..#..##'##≈# ##..#
#.. ##.##.#...#≈# #..# #.
#.##.#....≈##+ ##.# #.
#.##.#....≈≈≈. ..# .
#.##........+.. . ### ##.#.#...#
. .+ #.#.#####


You could see an ettin, a centaur warrior and an ogre mage.

Vanquished Creatures
  Nessos (Lair:4)
  Azrael (D:12)
  2 fire dragons
  8 hydras
  Erica (D:9)
  2 centaur warriors
  13 two-headed ogres
  11 death yaks
  A catoblepas (Lair:6)
  2 tengu warriors
  The ghost of ThereIsNoGod the Bludgeoner, a journeyman GrFi of Okawaru (Lair:1)
  2 ogre magi
  A shadow wraith (D:13)
  2 unseen horrors
  A wolf spider (Lair:6)
  3 orc knights
  A harpy (shapeshifter) (D:13)
  2 manticores
  A lindwurm (Lair:6)
  4 cyclopes
  6 ugly things
  26 elephants
  A centaur zombie (D:15)
  6 black mambas
  5 torpor snails (Lair:6)
  The ghost of George the Carver, a novice MiFi (D:4)
  10 spiny frogs
  Joseph (D:7)
  A guardian serpent (Lair:6)
  Psyche (D:12)
  A yaktaur (D:15)
  4 kobold demonologists
  3 rime drakes
  7 komodo dragons
  7 trolls
  4 tyrant leeches (Lair:6)
  A polar bear (Lair:5)
  Grinder (D:4)
  8 hornets (Lair:6)
  16 blink frogs
  4 slime creatures
  10 hippogriffs
  Sigmund (D:3)
  A spriggan (Lair:2)
  A centaur simulacrum (D:15)
  3 redbacks
  A wraith (D:15)
  14 wyverns
  2 hungry ghosts
  9 yaks
  4 fire elementals (D:12)
  5 basilisks
  A golden eye (Lair:6)
  4 vampire mosquitoes
  5 nagas (Lair:3)
  A warg (D:14)
  Edmund (D:4)
  26 water moccasins
  5 porcupines
  A hell hound (D:12)
  A hornet zombie (D:11)
  2 black bears (D:8)
  13 orc warriors
  3 eyes of draining (D:13)
  4 ice beasts
  4 sky beasts
  4 ogres
  10 wolves
  15 centaurs
  12 crocodiles
  4 big kobolds
  12 bullfrogs
  A gnoll sergeant (D:7)
  A wyvern skeleton (D:10)
  A water moccasin zombie (D:7)
  4 scorpions
  10 killer bees
  6 wights (D:11)
  A howler monkey (D:11)
  6 crimson imps
  10 jellies
  A bullfrog zombie (D:11)
  3 hounds
  16 orc wizards
  A bullfrog skeleton (D:8)
  7 orc priests
  2 centaur skeletons
  2 iguanas
  5 worker ants
  A hound zombie (D:5)
  A hound skeleton (D:5)
  2 worker ant zombies
  6 gnolls
  9 adders
  8 shadow imps
  5 oozes
  An adder skeleton (D:3)
  2 worms
  7 leopard geckos
  79 orcs
  9 giant cockroaches
  10 goblins
  18 hobgoblins
  10 jackals
  A quokka (D:10)
  3 ball pythons
  11 bats
  5 frilled lizards
  22 kobolds
  A leopard gecko skeleton (D:5)
  A quokka skeleton (D:4)
  4 rats
646 creatures vanquished.

Vanquished Creatures (others)
  A black mamba (Lair:6)
  A centaur (D:8)
  A bush (Lair:6)
  57 fungi
  39 plants
99 creatures vanquished.

Grand Total: 745 creatures vanquished

Notes
Turn   | Place    | Note
-------+----------+-------------------------------------------
     0 | D:1      | grindst0ne the Gargoyle Fighter began the quest for the Orb.
     0 | D:1      | Reached XP level 1. HP: 14/14 MP: 1/1
   271 | D:1      | Reached XP level 2. HP: 20/20 MP: 2/2
   349 | D:1      | Reached skill level 4 in Fighting
   946 | D:2      | Found a shadowy altar of Dithmenos.
  1025 | D:2      | Reached XP level 3. HP: 23/24 MP: 3/3
  1044 | D:2      | Found a white marble altar of Elyvilon.
  1464 | D:2      | Reached skill level 5 in Fighting
  1653 | D:3      | Noticed Sigmund
  1669 | D:3      | Killed Sigmund
  1669 | D:3      | Reached skill level 7 in Fighting
  1669 | D:3      | Reached XP level 4. HP: 16/34 MP: 4/4
  1669 | D:3      | Reached XP level 5. HP: 18/38 MP: 5/5
  2030 | D:3      | Reached XP level 6. HP: 44/44 MP: 6/6
  2753 | D:4      | Noticed George's ghost (novice MiFi)
  2780 | D:4      | Killed George's ghost
  2780 | D:4      | Reached XP level 7. HP: 19/48 MP: 7/7
  3051 | D:4      | Found a hide-covered altar of Uskayaw.
  3086 | D:4      | Found a snail-covered altar of Cheibriados.
  3086 | D:4      | Noticed Edmund
  3094 | D:4      | Killed Edmund
  3310 | D:4      | Found a sparkling altar of Nemelex Xobeh.
  3310 | D:4      | Found an opulent altar of Gozag.
  3459 | D:4      | Found an iron altar of Okawaru.
  3513 | D:4      | Became a worshipper of Warmaster Okawaru
  3599 | D:4      | Reached XP level 8. HP: 53/53 MP: 8/8
  3668 | D:4      | Noticed Grinder
  3676 | D:4      | Killed Grinder
  3809 | D:5      | Entered Level 5 of the Dungeon
  3829 | D:5      | Found a staircase to the Ecumenical Temple.
  4163 | D:5      | Gained mutation: Your flesh is heat resistant. (rF+) [mutagenic meat]
  4164 | D:5      | Gained mutation: Your large and strong wings let you fly indefinitely. [mutagenic meat]
  4167 | D:5      | Gained mutation: You are weak. (Str -2) [mutagenic meat]
  4168 | D:5      | Gained mutation: Scrolls take you a little longer to read. [mutagenic meat]
  4169 | D:5      | Gained mutation: Your magical capacity is low. (-10% MP) [mutagenic meat]
  4532 | D:5      | Found a blossoming altar of Fedhas.
  4533 | D:5      | Found an ancient bone altar of Kikubaaqudgha.
  5130 | D:6      | Reached skill level 10 in Armour
  5562 | D:6      | Reached * piety under Okawaru
  5568 | D:6      | Reached XP level 9. HP: 25/57 MP: 8/8
  6394 | D:6      | Found Suipaini's Assorted Antiques.
  6438 | D:6      | Lost mutation: Your magical capacity is low. (-10% MP) [potion of mutation]
  6438 | D:6      | Lost mutation: You are weak. (Str -2) [potion of mutation]
  6438 | D:6      | Lost mutation: Your large and strong wings let you fly indefinitely. [potion of mutation]
  6438 | D:6      | Gained mutation: You have a pair of small antennae on your head. [potion of mutation]
  6438 | D:6      | Gained mutation: Your muscles are strong. (Str +2) [potion of mutation]
  6438 | D:6      | Gained mutation: You are agile. (Dex +2) [potion of mutation]
  6474 | D:6      | Bought a scroll of enchant weapon for 195 gold pieces
  6474 | D:6      | Bought a scroll labeled KUTIEC SACZIFU for 26 gold pieces
  6549 | D:7      | Noticed Joseph
  6565 | D:7      | Killed Joseph
  6629 | D:7      | Found Ciupo's Distillery.
  6646 | D:7      | Bought a potion of agility for 64 gold pieces
  6646 | D:7      | Bought a potion of berserk rage for 80 gold pieces
  6646 | D:7      | Bought a potion of lignification for 48 gold pieces
  7169 | D:7      | Reached ** piety under Okawaru
  7191 | D:7      | Gained mutation: You do not regenerate when monsters are visible. [mutagenic meat]
  7192 | D:7      | Lost mutation: Your flesh is heat resistant. (rF+) [mutagenic meat]
  7193 | D:7      | Gained mutation: You possess an exceptional clarity of mind. [mutagenic meat]
  7294 | D:7      | Found a shimmering altar of Xom.
  7682 | D:8      | Reached XP level 10. HP: 63/63 MP: 10/10
  8317 | D:8      | Found a staircase to the Lair.
  8342 | D:8      | Reached skill level 1 in Invocations
  8350 | D:8      | Reached *** piety under Okawaru
  8632 | D:8      | Noticed a two-headed ogre
  8651 | D:8      | Killed a two-headed ogre
  8651 | D:8      | Reached skill level 5 in Invocations
  8933 | D:8      | Found a stormy altar of Qazlal.
  8934 | D:8      | Found a glowing golden altar of the Shining One.
  9176 | D:9      | Got a pair of pitted boots
  9185 | D:9      | Identified the +0 pair of boots of the Mantidfly {rElec} (You found it on level 9 of the Dungeon)
  9216 | D:9      | Noticed Erica
  9228 | D:9      | Killed Erica
  9228 | D:9      | Reached **** piety under Okawaru
  9386 | D:9      | Found a roughly hewn altar of Beogh.
  9386 | D:9      | Found a staircase to the Orcish Mines.
  9421 | D:9      | Reached XP level 11. HP: 39/67 MP: 15/15
 10022 | D:9      | Reached skill level 5 in Evocations
 10291 | Lair:1   | Entered Level 1 of the Lair of Beasts
 10291 | Lair:1   | Noticed ThereIsNoGod's ghost (journeyman GrFi)
 11770 | D:10     | Entered Level 10 of the Dungeon
 11907 | D:10     | Noticed a tengu warrior
 11915 | D:10     | Killed a tengu warrior
 12484 | D:10     | Noticed an orc knight
 12504 | D:10     | Killed an orc knight
 13247 | D:11     | Lost mutation: Your muscles are strong. (Str +2) [mutagenic meat]
 13248 | D:11     | Gained mutation: Your magical capacity is low. (-10% MP) [mutagenic meat]
 13435 | D:11     | Reached ***** piety under Okawaru
 13497 | D:11     | Noticed a red ugly thing
 13533 | D:11     | Killed a red ugly thing
 13533 | D:11     | Reached skill level 5 in Maces & Flails
 13621 | D:11     | Received a gift from Okawaru
 13703 | D:11     | Noticed a two-headed ogre
 13708 | D:11     | Killed a two-headed ogre
 14681 | Lair:1   | Killed ThereIsNoGod's ghost
 14681 | Lair:1   | Received a gift from Okawaru
 14757 | Lair:1   | Reached XP level 12. HP: 20/72 MP: 15/15
 14773 | Lair:1   | HP: 2/72 [wolf (6)]
 16224 | Lair:2   | Noticed a five-headed hydra
 16242 | Lair:2   | Reached skill level 10 in Maces & Flails
 16248 | Lair:2   | Killed a two-headed hydra
 16641 | Lair:2   | Received a gift from Okawaru
 17175 | Lair:2   | Noticed a dire elephant
 17384 | Lair:2   | Noticed a six-headed hydra
 17392 | Lair:2   | Killed a two-headed hydra
 17392 | Lair:2   | Reached skill level 8 in Fighting
 17629 | Lair:2   | Reached skill level 9 in Fighting
 17778 | Lair:2   | Reached ****** piety under Okawaru
 17778 | Lair:2   | Received a gift from Okawaru
 17822 | Lair:2   | Reached skill level 10 in Fighting
 17947 | Lair:2   | Reached XP level 13. HP: 82/82 MP: 16/16
 18864 | Lair:3   | Found a staircase to the Swamp.
 18991 | Lair:3   | Found a staircase to the Snake Pit.
 19004 | Lair:3   | Reached skill level 11 in Fighting
 19444 | Lair:4   | Noticed Nessos
 19450 | Lair:4   | Killed Nessos
 20016 | Lair:4   | Reached skill level 12 in Fighting
 21038 | Lair:5   | Reached skill level 13 in Fighting
 21046 | Lair:5   | HP: 4/88 [death yak (3)]
 21641 | Lair:5   | Received a gift from Okawaru
 21644 | Lair:5   | Got a faintly glowing hat {god gift}
 21650 | Lair:5   | Identified the +0 hat of Happiness {*Contam +Blink +Fly rPois} (Okawaru gifted it to you on level 5 of the Lair of Beasts)
 21761 | Lair:5   | Reached skill level 14 in Fighting
 22345 | Lair:6   | Entered Level 6 of the Lair of Beasts
 22387 | Lair:6   | Gained mutation: Your large and strong wings let you fly indefinitely. [Gargoyle growth]
 22387 | Lair:6   | Reached XP level 14. HP: 68/96 MP: 17/17
 22469 | Lair:6   | Reached skill level 15 in Fighting
 22946 | Lair:6   | HP: 4/99 [basilisk (4)]
 23286 | Lair:5   | Reached skill level 16 in Fighting
 23369 | Lair:6   | Found a runed door.
 23618 | Lair:6   | Received a gift from Okawaru
 23632 | Lair:6   | HP: 7/150 [lindwurm/blast of flame (24)]
 24010 | Lair:6   | Got a pair of heavily runed gloves {god gift}
 24021 | Lair:6   | Identified the +2 pair of gloves "Woniq" {Dex+6} (Okawaru gifted it to you on level 6 of the Lair of Beasts)
 24533 | Lair:6   | Reached skill level 17 in Fighting
 24741 | Lair:6   | Found a staircase to the Slime Pits.
 25796 | D:12     | Got a wavering ivory ring
 25798 | D:12     | Identified the ring of Patience {rElec rF+ MP+9} (You found it on level 12 of the Dungeon)
 25978 | D:12     | Noticed Psyche
 25984 | D:12     | Killed Psyche
 26016 | D:12     | Noticed Azrael
 26026 | D:12     | Reached XP level 15. HP: 105/107 MP: 18/18
 26042 | D:12     | Killed Azrael
 26042 | D:12     | Received a gift from Okawaru
 27327 | D:13     | Received a gift from Okawaru
 27663 | D:13     | Found a gate to the Vaults.
 27857 | D:13     | Found a shimmering altar of Xom.
 28456 | D:14     | Gained mutation: You have sharp toenails. [mutagenic meat]
 28504 | D:14     | Lost mutation: You possess an exceptional clarity of mind. [mutagenic meat]
 28505 | D:14     | Gained mutation: You are frail. (-10% HP) [mutagenic meat]
 28506 | D:14     | Gained mutation: You expend magic power (3 MP) to strengthen your wands. [mutagenic meat]
 28766 | D:14     | You are sucked into a shaft!
 28766 | D:15     | Entered Level 15 of the Dungeon
 28870 | D:15     | Reached skill level 15 in Maces & Flails
 29001 | D:15     | Found an opulent altar of Gozag.
 29038 | D:15     | Received a gift from Okawaru
 29597 | D:15     | Mangled by an ettin

Skill      XL: |  1  2  3  4  5  6  7  8  9 10 11 12 13 14 15 |
---------------+----------------------------------------------+-----
Fighting       | 4 7 10 14 17 | 17.0
Armour         | 6 8 10 13 14 | 14.1
Invocations    | 6 |  6.0
Evocations     | 4 7 |  7.0
Maces & Flails | 8 11 12 15 | 15.8
Shields        | 4 |  4.0

Action                   |  1- 3 |  4- 6 |  7- 9 | 10-12 | 13-15 || total
-------------------------+-------+-------+-------+-------+-------++-------
Melee: Flail             |   151 |    67 |   360 |   951 |  1057 ||  2586
       Scimitar          |       |       |       |    10 |    28 ||    38
       Great mace        |       |       |       |       |   175 ||   175
Invok: Heroism           |       |       |       |     6 |     5 ||    11
       Finesse           |       |       |       |     1 |     3 ||     4
 Abil: Fly               |       |       |     1 |       |     1 ||     2
Evoke: Wand              |       |       |       |     5 |    21 ||    26
  Use: Scroll            |       |       |    13 |     9 |    12 ||    34
       Potion            |       |       |     1 |    15 |    11 ||    27
 Stab: Invisible         |       |       |       |       |     9 ||     9
       Petrifying        |       |       |       |       |     1 ||     1
  Eat: Chunk             |     3 |     3 |    25 |    28 |    30 ||    89
       Bread ration      |       |       |       |     2 |     3 ||     5
Armor: Scale mail        |    81 |    11 |       |       |       ||    92
       Chain mail        |       |    25 |   269 |   866 |   825 ||  1985
       Skin              |       |       |       |       |     3 ||     3
Dodge: Dodged            |    64 |     8 |    92 |   376 |   528 ||  1068
Block: Shield            |   103 |    49 |   334 |   806 |       ||  1292
       Reflection        |       |       |     7 |    13 |    20 ||    40
       Other             |       |       |       |     3 |    52 ||    55
       Buckler           |       |       |       |     2 |   508 ||   510
       Rpst.: Scimitar   |       |       |       |     1 |     4 ||     5
